 Dungeon Crawl Stone Soup version 0.22-a0-406-g9ff8d77 (webtiles) character file.

33996 realtime30ordie the Warrior (level 13, -6/126 HPs)
             Began as a Minotaur Berserker on May 8, 2018.
             Was a Priest of Trog.
             Mangled by a polar bear (14 damage)
             ... on level 3 of the Lair of Beasts.
             The game lasted 00:12:14 (9597 turns).

realtime30ordie the Warrior (Minotaur Berserker)    Turns: 9597, Time: 00:12:15

Health: -6/126     AC: 19    Str: 22    XL:     13   Next: 39%
Magic:  12/12      EV: 15    Int:  4    God:    Trog [***...]
Gold:   460        SH:  0    Dex: 15    Spells: 12/12 levels left

rFire    + . .     SeeInvis .   a - +1 hand axe
rCold    . . .     Gourm    .   (no shield)
rNeg     + . .     Faith    .   v - +1 chain mail {rF+}
rPois    .         Spirit   .   (helmet restricted)
rElec    .         Reflect  .   o - +1 cloak
rCorr    .         Harm     .   (no gloves)
MR       ++...                  (no boots)
Stlth    ..........             (no amulet)
HPRegen  1.31/turn              h - +3 ring of protection
MPRegen  0.13/turn              g - ring of positive energy

@: lethally poisoned (-6 -> -7), berserk cooldown, regenerating, slowed, very
slow
A: retaliatory headbutt, horns 2
a: Berserk, Trog's Hand, Renounce Religion


You were on level 3 of the Lair of Beasts.
You worshipped Trog.
Trog was most pleased with you.
You were near starving.

You visited 2 branches of the dungeon, and saw 12 of its levels.
You also visited: Volcano.

You collected 460 gold pieces.

Inventory:

Hand Weapons
 a - a +1 hand axe (weapon)
Armour
 b - a +0 animal skin
 c - a +0 leather armour
   (You found it on level 1 of the Dungeon)
 f - a +0 scale mail
   (You found it on level 1 of the Dungeon)
 k - the +4 chain mail of Emanoes {+Inv}
   (You found it on level 4 of the Dungeon)

   It lets you turn invisible.
 n - a +0 plate armour
   (You found it on level 8 of the Dungeon)
 o - a +1 cloak (worn)
   (You took it off Crazy Yiuf on level 4 of the Dungeon)
 v - a +1 chain mail of fire resistance (worn)
   (You took it off a hell knight in a volcano)
Jewellery
 g - a ring of positive energy (right hand)
   (You found it on level 4 of the Dungeon)
 h - a +3 ring of protection (left hand)
   (You found it on level 1 of the Dungeon)
Scrolls
 i - a scroll of teleportation {@r4}
 l - 3 scrolls of remove curse {@r2}
 p - 3 scrolls of enchant weapon
 q - a scroll of identify {@r1}
 r - 3 scrolls of fog
 s - 2 scrolls of magic mapping
 u - 3 scrolls of fear
Potions
 d - 5 potions of resistance
 j - 2 potions of berserk rage
Comestibles
 e - 14 rations


   Skills:
 + Level 15.1 Fighting
 + Level 12.6 Axes
 + Level 12.3 Armour
 + Level 11.5 Dodging


You had 12 spell levels left.
You didn't know any spells.

Dungeon Overview and Level Annotations

Branches:
Dungeon (8/15)             Temple (0/1) D:7            Lair (4/6) D:8
  Swamp: Lair:2-4    Shoals: Lair:2-4     Snake: Lair:2-4    Spider: Lair:2-4

Altars:
Ashenzari
Elyvilon
Hepliaklqana
Nemelex Xobeh
Trog
Uskayaw
Vehumet
Zin

Annotations:
D:8 exclusion: 2 doors


Innate Abilities, Weirdness & Mutations

You reflexively headbutt those who attack you in melee.
You have a pair of horns on your head.


Message History

You feel very sick. The polar bear bites you.
* * * LOW HITPOINT WARNING * * *
The polar bear completely misses you. The polar bear closely misses you.
The polar bear misses you. The polar bear closely misses you.
The polar bear claws you.
* * * LOW HITPOINT WARNING * * *
Okay, then.
Unknown command.
You are confused.
You feel invigorated.
You feel very sick. The polar bear completely misses you.
The polar bear barely misses you.
The polar bear claws you but does no damage.
The polar bear bites you but does no damage.
The polar bear claws you but does no damage.
The polar bear claws you.
* * * LOW HITPOINT WARNING * * *
You bump into the rock wall.
You feel very sick. The polar bear barely misses you.
The polar bear misses you. The polar bear completely misses you.
The polar bear bites you but does no damage.
The polar bear closely misses you. x2
You bump into the rock wall.
You feel very sick. The polar bear bites you!!
* * * LOW HITPOINT WARNING * * *
The polar bear claws you.
* * * LOW HITPOINT WARNING * * *
The polar bear claws you but does no damage.
The polar bear bites you but does no damage.
The polar bear closely misses you. The polar bear misses you.
The polar bear closely misses you.
The polar bear claws you but does no damage.
The polar bear misses you.
You bump into the rock wall.
You feel very sick. The polar bear barely misses you. The polar bear claws you.
* * * LOW HITPOINT WARNING * * *
The polar bear claws you but does no damage.
The polar bear misses you. The polar bear barely misses you.
The polar bear misses you.
You feel less invigorated.
You feel less confused.
You feel very sick.
The polar bear is no longer berserk.
The polar bear misses you.
The polar bear claws you but does no damage.
The polar bear completely misses you. The polar bear bites you!
You die...

##......>..# #..#### ##
#..###.#.### ##...########## #.
###'..####.### #.+..##.#.#P#.####
#............###..............#P#
#.............#P.P....##.#..(...P
P............###.................
.............##P.###.P....##.##.#
#..............+.............####
.............'.P@...##.#..#P.# ##
.............##h>#.......#...# #.
#.>..........######..+#####..# #.
#............# ###..## #### ##
#.###.##.#.### #...# #
####.###....# ##..## ####.....P##
#...# ## #.#...P..######### #...#
##. ##...........##..######## #..


You could see a polar bear.

Vanquished Creatures
  2 two-headed ogres
  A hell knight (Volcano)
  A salamander mystic (Volcano)
  A wizard (D:6)
  Pikel (D:6)
  2 lindwurms
  4 elephants (Lair:3)
  6 salamanders (Volcano)
  A black mamba (Lair:3)
  5 spiny frogs
  A torpor snail (Lair:3)
  2 komodo dragons (D:8)
  5 blink frogs
  2 dream sheep (D:8)
  2 hippogriffs
  A basilisk (D:8)
  A wyvern (Lair:2)
  A steam dragon (Lair:3)
  11 yaks
  A hungry ghost (D:7)
  Menkaure (D:4)
  5 water moccasins
  7 porcupines
  2 ice beasts
  A swamp drake (D:8)
  2 slaves (D:6)
  3 sky beasts
  A black bear (D:6)
  An eye of draining (D:6)
  A necrophage (D:7)
  2 ogres (D:4)
  8 wolves
  2 centaurs (D:6)
  3 big kobolds (D:8)
  5 crocodiles
  6 bullfrogs
  6 killer bees (D:7)
  2 electric eels (Lair:1)
  A crimson imp (D:8)
  A bullfrog zombie (D:5)
  A quasit (D:6)
  A centaur skeleton (D:8)
  2 hounds
  Crazy Yiuf (D:4)
  2 orc priests (D:8)
  5 orc wizards
  2 iguanas
  4 worker ants
  3 adders (D:2)
  11 river rats (D:8)
  A shadow imp (D:5)
  An ooze (D:2)
  3 dart slugs
  3 leopard geckos
  13 orcs
  2 bats
  2 giant cockroaches
  4 goblins
  3 hobgoblins
  10 jackals
  3 quokkas
  2 ball pythons
  A frilled lizard (D:4)
  12 kobolds
  A quokka skeleton (D:4)
  14 rats
  A fungus (D:4)
219 creatures vanquished.

Vanquished Creatures (collateral kills)
  2 hydras
  A crocodile (Lair:1)
3 creatures vanquished.

Vanquished Creatures (others)
  A slave (D:6)
  A fungus (Lair:1)
  A plant (Lair:1)
3 creatures vanquished.

Grand Total: 225 creatures vanquished

Notes
Turn   | Place    | Note
-------+----------+-------------------------------------------
     0 | D:1      | realtime30ordie the Minotaur Berserker began the quest for the Orb.
     0 | D:1      | Reached XP level 1. HP: 19/19 MP: 0/0
   174 | D:1      | Reached XP level 2. HP: 27/27 MP: 1/1
   466 | D:1      | Reached skill level 4 in Fighting
   519 | D:2      | Reached XP level 3. HP: 33/33 MP: 2/2
   685 | D:2      | Reached ** piety under Trog
   827 | D:2      | Reached XP level 4. HP: 40/40 MP: 3/3
   853 | D:3      | Found a hide-covered altar of Uskayaw.
  1019 | D:4      | Reached XP level 5. HP: 42/47 MP: 4/4
  1103 | D:4      | Noticed an ogre
  1117 | D:4      | Killed an ogre
  1117 | D:4      | Reached skill level 5 in Fighting
  1117 | D:4      | Reached skill level 5 in Axes
  1117 | D:4      | Reached XP level 6. HP: 22/56 MP: 5/5
  1123 | D:4      | HP: 1/56 [something (5)]
  1452 | D:4      | Got a jewelled chain mail
  1464 | D:4      | Found a radiant altar of Vehumet.
  1903 | D:4      | Lost intelligence.
  1965 | D:4      | Noticed Menkaure
  1970 | D:4      | Killed Menkaure
  1970 | D:4      | Reached skill level 5 in Armour
  1970 | D:4      | Reached XP level 7. HP: 48/62 MP: 6/6
  2481 | D:4      | Found a runed door.
  2485 | D:4      | Noticed Crazy Yiuf
  2488 | D:4      | Killed Crazy Yiuf
  2555 | D:5      | Entered Level 5 of the Dungeon
  2606 | D:5      | Identified the +4 chain mail of Emanoes {+Inv} (You found it on level 4 of the Dungeon)
  2873 | D:6      | Reached skill level 6 in Fighting
  2874 | D:6      | Reached skill level 5 in Dodging
  3002 | D:6      | Found a glowing silver altar of Zin.
  3047 | D:6      | Noticed a two-headed ogre
  3052 | D:6      | Noticed a wizard
  3057 | D:6      | Found a transporter.
  3064 | D:6      | Found a transporter.
  3070 | D:6      | Found a bloodstained altar of Trog.
  3103 | D:6      | Killed a two-headed ogre
  3103 | D:6      | Reached skill level 7 in Fighting
  3103 | D:6      | Reached XP level 8. HP: 73/73 MP: 1/7
  3112 | D:6      | Killed a wizard
  3112 | D:6      | Reached XP level 9. HP: 81/81 MP: 2/8
  3307 | D:6      | Reached skill level 8 in Fighting
  3320 | D:6      | Noticed Pikel
  3320 | D:6      | Found a sparkling altar of Nemelex Xobeh.
  3333 | D:6      | Killed Pikel
  3557 | D:7      | Found a staircase to the Ecumenical Temple.
  3574 | D:7      | Found a shattered altar of Ashenzari.
  3593 | D:7      | Reached *** piety under Trog
  3888 | D:7      | Found a hazy altar of Hepliaklqana.
  3977 | D:7      | Reached skill level 9 in Fighting
  4279 | D:8      | Found a white marble altar of Elyvilon.
  4667 | D:8      | Noticed a two-headed ogre
  4674 | D:8      | Killed a two-headed ogre
  4674 | D:8      | Reached XP level 10. HP: 89/89 MP: 9/9
  5333 | D:8      | Reached skill level 10 in Fighting
  5333 | D:8      | Reached skill level 10 in Axes
  5335 | D:8      | Reached **** piety under Trog
  5959 | D:8      | Found a staircase to the Lair.
  6181 | Lair:1   | Entered Level 1 of the Lair of Beasts
  6231 | Lair:1   | Reached skill level 10 in Armour
  6507 | Lair:1   | Noticed a spiny frog
  6514 | Lair:1   | Killed a spiny frog
  6564 | Lair:1   | Noticed a spiny frog
  6569 | Lair:1   | Noticed a four-headed hydra
  6573 | Lair:1   | Killed a spiny frog
  6573 | Lair:1   | Reached XP level 11. HP: 70/101 MP: 10/10
  6580 | Lair:1   | Killed a four-headed hydra
  7008 | Lair:2   | Noticed a lindwurm
  7019 | Lair:2   | Killed a lindwurm
  7019 | Lair:2   | Reached skill level 11 in Fighting
  7019 | Lair:2   | Reached skill level 10 in Dodging
  7828 | Lair:3   | Found a dark tunnel.
  7828 | Lair:3   | Noticed a lindwurm
  7837 | Volcano  | Entered a volcano
  8175 | Volcano  | Noticed a salamander mystic
  8178 | Volcano  | Found a bloodstained altar of Trog.
  8191 | Volcano  | Killed a salamander mystic
  8192 | Volcano  | Noticed a hell knight
  8213 | Volcano  | Killed a hell knight
  8356 | Volcano  | Reached skill level 12 in Fighting
  8547 | Volcano  | Reached XP level 12. HP: 112/112 MP: 11/11
  9562 | Lair:4   | Noticed a six-headed hydra
  9570 | Lair:4   | Killed a seven-headed hydra
  9592 | Lair:3   | Reached skill level 15 in Fighting
  9592 | Lair:3   | Reached XP level 13. HP: 16/126 MP: 12/12
  9592 | Lair:3   | HP: 5/126 [polar bear (2)]
  9597 | Lair:3   | Mangled by a polar bear

Vault maps used:
D:1:      grunt_arrival_crossed_arrows, serial_glass, glass_columns_a,
          glass_columns_c
D:2:      nicolae_dithmenos_through_a_glass_darkly
D:3:      eat_drink_and_be_merry_uskayaw, kiku_gazebo_pond_becter,
          nicolae_overflow_crystal_walls, led_sif_book,
          overflow_temple_1_default, kennysheep_generic_room_9, uniq_sigmund
D:4:      overflow_temple_1_default, first_ration, serial_park,
          serial_park_avenue1, serial_park_square2, serial_park_square2,
          uniq_crazy_yiuf_cottage, uniq_menkaure
D:5:      fedhas_altar_fruit_tree
D:6:      lemuel_round_altar, gammafunk_temple_overflow_arena,
          old_standard_altar, uniq_pikel
D:7:      lemuel_round_altar, kennysheep_mini_moat, minmay_temple_entry_trees
D:8:      overflow_temple_1_default, erik_lair_dragon, hangedman_ranch,
          dk_rats_in_the_wall
Lair:1:   zaba_anthole, minivault_23, st_stairs_7, beast_lair_carwin_1,
          infiniplex_staircase_pool
Lair:2:   grunt_forest_large_clearings, lemuel_fruit_tree,
          minmay_lair_oklob_chamber, grunt_megastairs_3
Lair:3:   nicolae_volcano_entry_vermiform
Lair:4:   swamp_mist_pool, guppyfry_snake_entry_garden
Volcano:  kennysheep_volcano_temple

Skill      XL: |  1  2  3  4  5  6  7  8  9 10 11 12 |
---------------+-------------------------------------+-----
Axes           | 4 5 7 8 9 10 12 | 12.6
Fighting       | 4 5 7 9 10 12 15 | 15.1
Armour         | 3 4 5 6 7 9 10 11 12 | 12.3
Dodging        | 3 4 6 8 9 11 | 11.5

Action                   |  1- 3 |  4- 6 |  7- 9 | 10-12 | 13-15 || total
-------------------------+-------+-------+-------+-------+-------++-------
Melee: Hand axe          |    57 |    47 |   162 |   420 |       ||   686
       Headbutt          |     6 |    16 |    28 |   112 |       ||   162
Invok: Berserk           |     1 |     3 |     7 |    16 |       ||    27
       Trog's Hand       |       |       |       |     4 |       ||     4
       Brothers in Arms  |       |       |       |     3 |       ||     3
  Use: Scroll            |     4 |     2 |     5 |     4 |       ||    15
       Potion            |       |     2 |     3 |     5 |     1 ||    11
 Stab: Distracted        |       |       |       |     1 |       ||     1
  Eat: Chunk             |     1 |     3 |    10 |    23 |       ||    37
       Ration            |       |     1 |     3 |     2 |       ||     6
Armor: Leather armour    |    14 |    16 |       |       |       ||    30
       Chain mail        |       |       |   105 |   195 |     9 ||   309
Dodge: Dodged            |    44 |    38 |    82 |   317 |    21 ||   502

Table legend:
 A = Spawn XP
 B = Non-spawn XP
 C = Spawn XP percentage of total XP
 D = Spawn monster count
 E = Non-spawn monster count
 F = Spawn count percentage of total count
 G = Total turns spent on level
                    A         B        C        D         E        F      G
               +---------+---------+-------+---------+---------+-------+---------
         Total |       0 |   28298 |   0.0 |       0 |     219 |   0.0 |  9597
               +---------+---------+-------+---------+---------+-------+---------
           D:1 |       0 |      35 |   0.0 |       0 |      18 |   0.0 |   496
           D:2 |       0 |      68 |   0.0 |       0 |      15 |   0.0 |   357
           D:3 |       0 |       8 |   0.0 |       0 |       5 |   0.0 |    34
           D:4 |       0 |     720 |   0.0 |       0 |      22 |   0.0 |  1668
           D:5 |       0 |      96 |   0.0 |       0 |       4 |   0.0 |   304
           D:6 |       0 |    2911 |   0.0 |       0 |      12 |   0.0 |   664
           D:7 |       0 |     895 |   0.0 |       0 |      14 |   0.0 |   756
           D:8 |       0 |    4155 |   0.0 |       0 |      55 |   0.0 |  1902
        Lair:1 |       0 |    3058 |   0.0 |       0 |      17 |   0.0 |   800
        Lair:2 |       0 |    3515 |   0.0 |       0 |      18 |   0.0 |   418
        Lair:3 |       0 |    7461 |   0.0 |       0 |      29 |   0.0 |  1347
        Lair:4 |       0 |    1036 |   0.0 |       0 |       2 |   0.0 |    26
       Volcano |       0 |    4340 |   0.0 |       0 |       8 |   0.0 |   825
               +---------+---------+-------+---------+---------+-------+---------
